 Dungeon Crawl Stone Soup version 0.30-a0-341-g682706514a (webtiles) character file.

Game seed: 7871181627906031563

298 drewk1942 the Chopper (level 6, 0/56 HPs)
             Began as a Minotaur Fighter on Nov 1, 2022.
             Slain by a killer bee (7 damage)
             ... on level 6 of the Dungeon.
             The game lasted 00:03:51 (2330 turns).

drewk1942 the Chopper (Minotaur Fighter)            Turns: 2330, Time: 00:03:52

Health: 0/56       AC:  6    Str: 21 (23) XL:     6   Next: 13%
Magic:  5/5        EV:  9    Int:  3 (5)  God:
Gold:   147        SH:  4    Dex:  6 (9)  Spells: 5/5 levels left

rFire   . . .      SeeInvis .    a - +0 war axe
rCold   . . .      Faith    .    c - +0 buckler
rNeg    . . .      Spirit   .    b - +0 scale mail
rPois   .          Reflect  .    (helmet restricted)
rElec   .          Harm     .    (no cloak)
rCorr   .          Rampage  .    (no gloves)
Will    .....                    (no boots)
Stlth   ..........               (no amulet)
HPRegen 0.29/turn                r - +4 ring of slaying
MPRegen 0.09/turn                (no ring)

@: lethally poisoned (0 -> -33)
A: horns 2, retaliatory headbutt
a: no special abilities


You were on level 6 of the Dungeon.
You visited 1 branch of the dungeon, and saw 4 of its levels.
You also visited: Sewer.

You collected 147 gold pieces.

Inventory:

Hand Weapons
 a - a +0 war axe (weapon)
Missiles
 e - 4 poisoned darts (quivered)
 g - 3 boomerangs
Armour
 b - a +0 scale mail (worn)
 c - a +0 buckler (worn)
 i - an orb of guile
 l - a +1 robe of cold resistance
Jewellery
 r - a +4 ring of slaying (left hand)
Wands
 q - a wand of mindburst (10)
Scrolls
 f - 3 scrolls of identify
 k - a scroll of immolation
 m - a scroll of fog
 n - a scroll of enchant armour {unknown}
 o - a scroll of noise {unknown}
 p - a scroll of poison
Potions
 d - 2 potions of might
 h - 2 potions of curing
 j - 2 potions of brilliance {unknown}
 s - a potion of mutation {unknown}
 t - a potion of heal wounds {unknown}
 u - a potion of magic {unknown}


   Skills:
 + Level 5.2 Fighting
 * Level 5.8 Axes
 - Level 3.6 Armour
 + Level 5.1 Shields


You had 5 spell levels left.
You didn't know any spells.
Your spell library contained the following spells:

 Spells                   Type           Power      Damage    Failure   Level
 Kiss of Death            Conj/Necr      0%         2d5       91%         1
 Confusing Touch          Hex            0%         N/A       99%         3
 Dispel Undead            Necr           0%         3d6       100%        4


Dungeon Overview and Level Annotations

Branches:
Dungeon (6/15)              Sewer (visited)
 Temple: D:4-7

Altars:


Innate Abilities, Weirdness & Mutations

You have a pair of horns on your head.
You reflexively headbutt those who attack you in melee.


Message History

The killer bee barely misses you.
The killer bee stings you but does no damage.
You block the killer bee's attack. The killer bee closely misses you.
You block the adder's attack. The orc warrior closely misses you.
The killer bee stings you but does no damage.
The killer bee barely misses you. You furiously retaliate!
You headbutt the killer bee! The killer bee misses you.
The killer bee barely misses you.
The air fills with toxic fumes!
As you read the scroll labelled KISSEOF XOBBU, it crumbles to dust.
It was a scroll of poison.
The killer bee stings you but does no damage.
The killer bee stings you.
The killer bee stings you but does no damage.
The killer bee stings you. The adder bites you but does no damage.
The orc warrior splashes around in the water.
The killer bee barely misses you. The killer bee stings you.
The killer bee stings you but does no damage.
The killer bee stings you!
You are poisoned.
The killer bee poisons you!
You slice the adder!!
You kill the adder!
You closely miss the killer bee. You miss the killer bee.
You completely miss the killer bee. You slash the killer bee!
You hit the orc warrior but do no damage.
You feel very sick. The killer bee stings you!
You are more poisoned.
The killer bee poisons you! The killer bee stings you.
You are more poisoned.
The killer bee poisons you! The killer bee stings you. x2
* * * LOW HITPOINT WARNING * * *
The killer bee closely misses you. The killer bee stings you!
* * * LOW HITPOINT WARNING * * *
You are more poisoned.
The killer bee poisons you! The killer bee stings you.
* * * LOW HITPOINT WARNING * * *
The killer bee stings you!
You die...

*,,,,,,,,,,,,........,,,...
*****,*.#.#.....,,......##***#.
***,,,,,,./......#####.....#####.
,**,***,,...#........o5..[.$.....
,**,*,,,,.....#~..#..#.....#*###.
,**,*,*,,.....~~~~~.o.....)###...
,**,*,*,,...#~§§§oo~#............
,**,*,,,,....~§yyo§~.......###.#.
,**,,,,,,#...~§y@y§~.............
***,,**,*#...~§§§S§~~...##.###.#.
***,,**,*#..#~§§§§§§#...##.# #...
,,,,,,,,,.....~§§§§§§§..##.#*#...
,,,,,,***#.#..#§§§#§§#§###..,....
***,,,,* #,##.§§§§§§§§§§.........
****,,,* *,*####§####§§§#*,***,*,
,,,,,,,* *,* *§§# #§§§#*,* *,,,
****,,,***,****,*****,,,**,* ****


You could see an orc warrior, 4 killer bees, 2 orcs and a ball python.

Vanquished Creatures
  Pargi (Sewer)
  A killer bee (D:6)
  A jelly (D:6)
  Robin (D:2)
  5 adders
  A dart slug (D:1)
  3 orcs (D:3)
  6 endoplasms
  4 giant cockroaches
  9 hobgoblins
  3 jackals (D:2)
  4 quokkas
  6 ball pythons
  11 bats
  8 frilled lizards
  13 goblins
  4 kobolds
  2 rats (D:1)
83 creatures vanquished.

Notes
Turn   | Place    | Note
-------+----------+-------------------------------------------
     0 | D:1      | drewk1942 the Minotaur Fighter began the quest for the Orb.
     0 | D:1      | Reached XP level 1. HP: 19/19 MP: 0/0
   150 | D:1      | Reached XP level 2. HP: 24/27 MP: 1/1
   650 | D:1      | Reached XP level 3. HP: 33/33 MP: 2/2
  1115 | D:2      | Reached XP level 4. HP: 22/41 MP: 3/3
  1371 | D:2      | Noticed Robin
  1379 | D:2      | Killed Robin
  1966 | D:3      | You fall into a shaft and drop 3 floors!
  1986 | D:6      | Reached skill level 5 in Axes
  1986 | D:6      | Reached XP level 5. HP: 44/47 MP: 4/4
  1996 | D:6      | Noticed an orc warrior
  2000 | D:6      | Found a glowing drain.
  2009 | Sewer    | Entered a sewer
  2139 | Sewer    | Noticed Pargi
  2146 | Sewer    | Killed Pargi
  2147 | Sewer    | Reached skill level 5 in Fighting
  2147 | Sewer    | Reached skill level 5 in Shields
  2147 | Sewer    | Reached XP level 6. HP: 48/56 MP: 5/5
  2330 | D:6      | Slain by a killer bee

Illustrated notes

Levels and vault maps discovered:
D:1:      minmay_arrival_wavy_path, layout_basic, hangedman_decor_diamond_cutter
D:2:      layout_loops_ring, grunt_ministairs_2,
          nicolae_kite_square_tiling_tiny, uniq_robin
D:3:      layout_rooms, hellmonk_ecumenical_altar_leap_of_faith,
          minmay_pentangle, uniq_terence, uniq_ijyb
D:6:      layout_basic, cheibrodos_sewer_entry_drain, uniq_prince_ribbit1,
          uniq_blork_the_orc

Skill      XL: |  1  2  3  4  5 |
---------------+----------------+-----
Axes           | 3 4 5 |  5.8
Fighting       | 4 5 |  5.2
Shields        | 4 5 |  5.1
Armour         | |  3.6

Action                   |  1- 3 |  4- 6 || total
-------------------------+-------+-------++-------
Melee: War axe           |    88 |    63 ||   151
       Headbutt          |    10 |     5 ||    15
  Use: Scroll            |       |     5 ||     5
       Potion            |       |     2 ||     2
Armor: Scale mail        |    46 |    51 ||    97
Dodge: Dodged            |    57 |    41 ||    98
Block: Buckler           |    19 |    28 ||    47

Table legend: (Time is in decaauts)
 A = Elapsed time spent in this place.
 B = Non-inter-level travel time spent in this place.
 C = Inter-level travel time spent in this place.
 D = Time resting spent in this place.
 E = Time spent auto-exploring this place.
 F = Levels seen in this place.
 G = Mean time per level.
                   A        B        C        D        E       F      G
               +--------+--------+--------+--------+--------+-----+--------+
         Total |   2427 |   2310 |    117 |      0 |   1818 |   5 |  485.4 |
       Dungeon |   2062 |   1945 |    117 |      0 |   1520 |   4 |  515.5 |
         Sewer |    364 |    364 |      0 |      0 |    298 |   1 |  364.0 |
               +--------+--------+--------+--------+--------+-----+--------+

Top non-repeatable levels by time:
     D:1: 996 daAuts
     D:2: 893 daAuts
   Sewer: 364 daAuts
     D:3: 123 daAuts
     D:6: 49 daAuts
